 Dungeon Crawl Stone Soup version 0.28.0-45-g0d030f2227 (webtiles) character file.

Game seed: 7284134531488596820

1756 raph the Cleaver (level 8, -6/62 HPs)
             Began as a Minotaur Gladiator on May 25, 2022.
             Was a Believer of Okawaru.
             Mangled by a troll (10 damage)
             ... on level 7 of the Dungeon.
             The game lasted 00:07:39 (6676 turns).

raph the Cleaver (Minotaur Gladiator)               Turns: 6676, Time: 00:07:40

Health: -6/62      AC:  5    Str: 20    XL:     8   Next: 78%
Magic:  7/7        EV: 12    Int:  5    God:    Okawaru [**....]
Gold:   388        SH:  0    Dex: 13    Spells: 5/7 levels left

rFire   . . .      SeeInvis .   a - +0 war axe
rCold   . . .      Faith    .   (no shield)
rNeg    . . .      Spirit   .   j - +0 ring mail {rPois}
rPois   +          Reflect  .   c - +0 hat
rElec   .          Harm     .   (no cloak)
rCorr   .          Rampage  .   (no gloves)
Will    .....                   (no boots)
Stlth   +.........              (no amulet)
HPRegen 0.20/turn               (no ring)
MPRegen 0.10/turn               (no ring)

@: studying Earth Magic
A: horns 2, retaliatory headbutt
a: Renounce Religion, Heroism


You were on level 7 of the Dungeon.
You worshipped Okawaru.
Okawaru was pleased with you.
You visited 2 branches of the dungeon, and saw 8 of its levels.

You collected 388 gold pieces.

Inventory:

Hand Weapons
 a - a +0 war axe (weapon)
 b - a +0 hunting sling
 k - a +2 flail of protection
Missiles
 d - 3 throwing nets (quivered)
 l - 126 stones
 m - 66 sling bullets
 o - 3 poisoned darts
 v - a curare-tipped dart
Armour
 c - a +0 hat (worn)
 j - a +0 ring mail of poison resistance (worn)
 q - a +0 chain mail
Wands
 t - a wand of iceblast (3)
Scrolls
 e - 2 scrolls of amnesia
 i - 3 scrolls of fog
 n - 5 scrolls of teleportation
 r - a scroll of blinking
 s - 3 scrolls of magic mapping
 u - a scroll of identify
Potions
 f - 2 potions of brilliance
 g - 2 potions of flight
 h - 4 potions of curing
 p - 3 potions of haste


   Skills:
 - Level 2.4 Fighting
 + Level 13.8 Axes
 - Level 2.0 Throwing
 - Level 3.2 Dodging


You had 5 spell levels left.
You knew the following spells:

 Your Spells              Type           Power      Damage    Failure   Level
a - Passwall              Tmut/Erth      0%         N/A       80%         2

Your spell library contained the following spells:

 Spells                   Type           Power      Damage    Failure   Level
 Sandblast                Erth           0%         2d4       67%         1
 Ensorcelled Hibernation  Hex/Ice        0%         N/A       80%         2
 Stone Arrow              Conj/Erth      0%         3d7       95%         3
 Swiftness                Air            0%         N/A       95%         3


Dungeon Overview and Level Annotations

Branches:
Dungeon (7/15)             Temple (1/1) D:4

Altars:
Ashenzari
Cheibriados
Dithmenos
Elyvilon
Fedhas
Gozag
Hepliaklqana
Kikubaaqudgha
Makhleb
Nemelex Xobeh
Okawaru
Qazlal
Ru
Sif Muna
Trog
Uskayaw
Vehumet
Wu Jian
Xom
Yredelemnul
Zin
The Shining One

Annotations:
D:3 1 runed translucent door, shugdite's ghost, amateur MiFi


Innate Abilities, Weirdness & Mutations

You have a pair of horns on your head.
You reflexively headbutt those who attack you in melee.


Message History

You slash the orc!
You kill the orc!
Okawaru accepts your kill. The orc hits you but does no damage.
You barely miss the orc. You headbutt the orc.
You kill the orc!
Okawaru accepts your kill.
You barely miss the orc. The orc hits you with a +0 short sword.
A troll comes into view.
You hit the orc.
The orc is heavily wounded.
The orc hits you with a +0 short sword.
You hit the orc. Your headbutt misses the orc.
The orc is almost dead.
You slash the orc!
You kill the orc!
Okawaru accepts your kill.
Things that are here:
a +0 hand axe; a +0 leather armour You closely miss the troll.
The troll bites you. The troll claws you! The troll barely misses you.
You hit the troll. Your headbutt misses the troll.
The troll is lightly wounded.
The troll bites you! The troll closely misses you. The troll claws you!
You are too injured to fight recklessly!
You are too injured to fight recklessly!
You are too injured to fight recklessly!
You are too injured to fight recklessly!
You slash the troll! You headbutt the troll.
The troll is moderately wounded.
The troll bites you but does no damage. The troll claws you but does no damage.
The troll closely misses you.
You hit the troll.
The troll is moderately wounded.
You slash the troll! Your punch misses the troll.
The troll is severely wounded.
The troll bites you!
* * * LOW HITPOINT WARNING * * *
The troll closely misses you. The troll claws you!
You die...

...........####
........#.## ##
........### #..
##...##.#.# #
... #.._
#...##.#.. ...
#.. ##.......#
...
#######)........
...
.......)).......
...
.......@........
...
.......T........
...
..#............#
... .
#.............
.##
............###
# ........[....#
......#.......#
...#..#.......#


You could see a troll.

Vanquished Creatures
  Prince Ribbit (D:5)
  Edmund (D:5)
  Duvessa (D:5)
  A sky beast (D:6)
  A necrophage (D:4)
  An ogre (D:4)
  2 centaurs
  A kobold brigand (D:7)
  3 scorpions
  A water moccasin zombie (D:5)
  Dowan (D:5)
  A howler monkey (D:6)
  4 hounds
  A jelly (D:5)
  A bullfrog zombie (D:6)
  An orc priest (D:6)
  2 centaur skeletons
  An iguana (D:5)
  An orc wizard (D:6)
  A killer bee zombie (D:6)
  A gnoll (D:1)
  7 adders
  A white imp (D:6)
  An ufetubus (D:4)
  A worm (D:2)
  3 dart slugs
  12 orcs
  5 bats
  7 endoplasms
  2 giant cockroaches (D:2)
  12 goblins
  7 hobgoblins
  4 jackals (D:1)
  9 kobolds
  5 quokkas
  6 ball pythons
  5 frilled lizards
  5 rats
120 creatures vanquished.

Notes
Turn   | Place    | Note
-------+----------+-------------------------------------------
     0 | D:1      | raph the Minotaur Gladiator began the quest for the Orb.
     0 | D:1      | Reached XP level 1. HP: 18/18 MP: 0/0
   210 | D:1      | Reached skill level 4 in Axes
   328 | D:1      | Reached XP level 2. HP: 25/25 MP: 1/1
   511 | D:1      | Reached skill level 5 in Axes
   543 | D:1      | Reached XP level 3. HP: 28/30 MP: 2/2
  1423 | D:2      | Reached XP level 4. HP: 37/37 MP: 3/3
  1443 | D:2      | Reached skill level 6 in Axes
  2433 | D:3      | Learned a level 2 spell: Passwall
  2466 | D:3      | Found a runed translucent door.
  2466 | D:3      | Noticed shugdite's ghost (amateur MiFi)
  3311 | D:4      | Noticed a necrophage
  3320 | D:4      | Killed a necrophage
  3321 | D:4      | Reached skill level 7 in Axes
  3321 | D:4      | Reached XP level 5. HP: 33/42 MP: 4/4
  3403 | D:4      | Found a staircase to the Ecumenical Temple.
  3413 | Temple   | Entered the Ecumenical Temple
  3470 | Temple   | Became a worshipper of Warmaster Okawaru
  3552 | D:4      | You fall into a shaft and drop 2 floors!
  3584 | D:6      | Reached skill level 8 in Axes
  3692 | D:6      | Reached XP level 6. HP: 48/50 MP: 5/5
  3779 | D:5      | Entered Level 5 of the Dungeon
  3986 | D:5      | Noticed Prince Ribbit
  4003 | D:5      | Killed Prince Ribbit
  4003 | D:5      | Reached * piety under Okawaru
  4004 | D:5      | Reached skill level 9 in Axes
  4004 | D:5      | Reached XP level 7. HP: 28/56 MP: 6/6
  4270 | D:5      | Noticed Dowan
  4270 | D:5      | Noticed Edmund
  4272 | D:5      | Noticed Duvessa
  4294 | D:5      | Killed Edmund
  4294 | D:5      | Killed Duvessa
  4295 | D:5      | Reached skill level 10 in Axes
  4296 | D:5      | Killed Dowan
  4659 | D:4      | Reached skill level 11 in Axes
  4774 | D:4      | Reached ** piety under Okawaru
  5141 | D:5      | Reached XP level 8. HP: 60/62 MP: 7/7
  5176 | D:5      | Reached skill level 12 in Axes
  5807 | D:6      | Reached skill level 13 in Axes
  5828 | D:6      | HP: 3/62 [centaur/arrow (6)]
  6652 | D:7      | Found a burning altar of Makhleb.
  6666 | D:7      | Noticed a troll
  6676 | D:7      | Mangled by a troll

Illustrated notes

Levels and vault maps discovered:
D:1:      roderic_chinese_lattice_arrival, layout_loops_ring
D:2:      layout_loops_ring, hex_medium, minmay_goblin_outpost
D:3:      layout_basic, gammafunk_ghost_grave
D:4:      layout_rooms, minmay_temple_entry_trees, nicolae_ossuary_entry_ruins
D:5:      layout_gridville, minmay_misc_feat_enclosed, uniq_edmund,
          uniq_duvessa, uniq_prince_ribbit1
D:6:      layout_basic, minmay_manual_mail
D:7:      layout_cave_pools, mainiacjoe_overflow_alcove_1, uniq_harold
Temple:   nicolae_temple_the_god_donut

Skill      XL: |  1  2  3  4  5  6  7  8 |
---------------+-------------------------+-----
Axes           | 4 5 7 8 9 11 13 | 13.8
Fighting       | |  2.4
Throwing       | |  2.0
Dodging        | |  3.2

Action                   |  1- 3 |  4- 6 |  7- 9 || total
-------------------------+-------+-------+-------++-------
Melee: War axe           |    81 |    67 |   104 ||   252
       Headbutt          |    10 |    10 |    17 ||    37
       Punch             |       |     1 |     1 ||     2
 Fire: Hunting sling     |       |    21 |    31 ||    52
Invok: Heroism           |       |       |     2 ||     2
  Use: Scroll            |     5 |     6 |     4 ||    15
       Potion            |       |       |     3 ||     3
 Stab: Sleeping          |     1 |       |       ||     1
Armor: Leather armour    |    17 |       |       ||    17
       Ring mail         |     5 |    23 |    45 ||    73
Dodge: Dodged            |    47 |    56 |    79 ||   182
